 Dungeon Crawl Stone Soup version 0.17-a0-488-g0a147b9 (webtiles) character file.

13272 inmateoo the Quickloader (level 11, -21/84 HPs)
             Began as a Demonspawn Hunter on Apr 8, 2015.
             Was an Elder of Kikubaaqudgha.
             Demolished by a hill giant
             ... wielding a +0 giant spiked club
              (35 damage)
             ... on level 13 of the Dungeon on Apr 9, 2015.
             The game lasted 00:22:02 (14101 turns).

inmateoo the Quickloader (Demonspawn Hunter)       Turns: 14101, Time: 00:22:02

Health: -21/84     AC: 11    Str: 13    XL:     11   Next: 73%
Magic:  0/17       EV: 14    Int: 12    God:    Kikubaaqudgha [****..]
Gold:   564        SH:  0    Dex: 17    Spells: 2 memorised, 7 levels left

rFire  . . .     SeeInvis +     z - +8 scimitar of the Heart {slice, rPois}
rCold  + . .     Clarity  .     y - +1 ring mail {rC+}
rNeg   . . .     SustAb   .     (no shield)
rPois  +         Gourm    .     Q - +1 helmet
rElec  .         Spirit   +     (no cloak)
rCorr  .         Warding  .     (no gloves)
rMut   .         Stasis   .     I - +0 pair of boots
MR     +....                    (no amulet)
Stlth  ++++......               J - ring of see invisible
                                Y - ring of protection from magic

@: somewhat resistant to hostile enchantments, stealthy
A: slimy green scales 1, nightstalker 2, magic shield
a: Receive Corpses, Renounce Religion


You were on level 13 of the Dungeon.
You worshipped Kikubaaqudgha.
Kikubaaqudgha was greatly pleased with you.
You were not hungry.

You visited 2 branches of the dungeon, and saw 14 of its levels.

You collected 590 gold pieces.
You spent 26 gold pieces at shops.

Inventory:

Hand weapons
 b - a +2 hand crossbow
 s - a +2 vampiric great sword
 z - the +8 scimitar of the Heart (weapon) {slice, rPois}
   (You found it on level 5 of the Dungeon)

   It inflicts extra damage upon your enemies.
   It protects you from poison.
Missiles
 c - 33 bolts
Armour
 y - a +1 ring mail of cold resistance (worn)
 I - a +0 pair of boots (worn)
 Q - a +1 helmet (worn)
Jewellery
 J - a ring of see invisible (right hand)
 Y - a ring of protection from magic (left hand)
Magical devices
 a - a wand of random effects (29)
 g - a wand of fire (8)
 n - a wand of draining (14)
 o - a wand of paralysis (9)
 p - a wand of paralysis (20)
 t - a wand of confusion (21)
 u - a wand of fire (0)
 F - a wand of polymorph (14)
 G - a wand of disintegration (17)
 H - a wand of heal wounds (3)
 L - a wand of frost (30)
 N - a wand of digging (16)
 V - a wand of paralysis (14)
Scrolls
 d - 2 scrolls of blinking
 e - 6 scrolls of magic mapping
 h - 2 scrolls of fear
 m - 6 scrolls of teleportation
 r - a scroll of identify
 D - 2 scrolls of remove curse
 S - 2 scrolls of enchant weapon
 T - a scroll of enchant armour
 W - a scroll of fog
Potions
 j - 3 potions of brilliance
 k - 2 potions of might
 v - 3 potions of resistance
 w - a potion of magic
 x - 2 potions of haste
 E - a potion of berserk rage
 K - a potion of restore abilities {unknown}
 M - a potion of curing
 R - a potion of heal wounds
Books
 q - Kikubaaqudgha's Tome of Necromancy
   (Kikubaaqudgha gifted it to you on level 6 of the Dungeon)

   Spells                             Type                      Level
   a - Animate Skeleton               Necromancy                   1
   b - Corpse Rot                     Necromancy                   2
   c - Sublimation of Blood           Necromancy                   2
   d - Vampiric Draining              Necromancy                   3
   e - Control Undead                 Necromancy                   4
 B - a book of Burglary

   Spells                             Type                      Level
   a - Swiftness                      Charms/Air                   2
   b - Passwall                       Transmutation/Earth          3
   c - Passage of Golubria            Translocation                4
   d - Lee's Rapid Deconstruction     Earth                        5
   e - Invisibility                   Hexes                        6
   f - Darkness                       Hexes                        7
 C - a book of Alchemy

   Spells                             Type                      Level
   a - Sublimation of Blood           Necromancy                   2
   b - Alistair's Intoxication        Transmutation/Poison         4
   c - Condensation Shield            Ice                          4
   d - Petrify                        Transmutation/Earth          4
   e - Ignite Poison                  Fire/Transmutation           5
   f - Irradiate                      Conjuration/Transmutation    5
 O - Kikubaaqudgha's Tome of Necromancy
   (Kikubaaqudgha gifted it to you on level 10 of the Dungeon)

   Spells                             Type                      Level
   a - Agony                          Necromancy                   5
   b - Cigotuvi's Embrace             Necromancy                   5
   c - Dispel Undead                  Necromancy                   5
   d - Simulacrum                     Ice/Necromancy               6
   e - Death Channel                  Necromancy                   6
 U - a book of the Warp

   Spells                             Type                      Level
   a - Recall                         Summoning/Translocation      3
   b - Gell's Gravitas                Hexes/Translocation          3
   c - Control Teleport               Charms/Translocation         4
   d - Force Lance                    Conjuration/Translocation    4
   e - Phase Shift                    Translocation                5
   f - Warp Weapon                    Charms/Translocation         5
   g - Summon Forest                  Summoning/Translocation      5
Comestibles
 f - 12 bread rations
 i - 11 fruits
 l - 4 slices of pizza
 A - 3 meat rations
 P - 3 beef jerkies


   Skills:
 + Level 7.4 Fighting
   Level 0.5(4.9) Short Blades
 * Level 7.9 Long Blades
 * Level 9.8 Crossbows
 + Level 6.5 Dodging
 - Level 3.2 Stealth
 + Level 4.4 Spellcasting
 * Level 6.7 Hexes
 + Level 2.9 Necromancy


You had 7 spell levels left.
You knew the following spells:

 Your Spells              Type           Power        Failure   Level  Hunger
a - Invisibility          Hex            ###.....     100%        6    #######
b - Dispel Undead         Necr           #.......     100%        5    ######.


Dungeon Overview and Level Annotations

Branches:
Dungeon (13/15)            Temple (1/1) D:5            Lair (0/8) D:8
    Orc (0/4) D:12
 Vaults: D:13-14

Altars:
Ashenzari
Cheibriados
Dithmenos
Elyvilon
Fedhas
Gozag
Kikubaaqudgha
Makhleb
Nemelex Xobeh
Okawaru
Qazlal
Ru
Sif Muna
Trog
Vehumet
Xom
Yredelemnul
Zin
The Shining One

Shops:
D:8 *   D:10 (   D:12 }


Innate Abilities, Weirdness & Mutations

You are partially covered in slimy green scales (AC +2).
You are significantly more attuned to the shadows.
When hurt, damage is shared between your health and your magic reserves.


Message History

The hill giant is heavily wounded.
You slash the hill giant!
The hill giant is severely wounded.
The hill giant hits you with a giant spiked club!!
You barely miss the hill giant.
The hill giant is severely wounded.
The hill giant misses you.
You slash the hill giant!
The hill giant is almost dead.
You barely miss the hill giant.
The hill giant is almost dead.
The hill giant hits you with a giant spiked club!!
* * * LOW HITPOINT WARNING * * *
You are too injured to fight recklessly!
You are too injured to fight recklessly!
Your ring mail prevents you from hitting the hill giant.
The hill giant is almost dead.
The hill giant hits you with a giant spiked club!!!
You die...
Kikubaaqudgha rasps: "You have failed me!
Welcome... death!"

..#
.....
... ...
#Z# #C#
#@#
##'##
#...##
#....##
#.....##
#......#
#......+
#......#
#.<...##


You could see a hill giant and a centaur skeleton.

Vanquished Creatures
  Urug (D:12)
  A death drake (shapeshifter) (D:10)
  2 unseen horrors
  The ghost of krae the Ducker, an experienced OpTm of Cheibriados (D:8)
  3 cyclopes
  2 gargoyles
  2 komodo dragons
  A two-headed ogre (D:12)
  7 yaks (D:10)
  A wraith (D:7)
  A spriggan (D:7)
  3 hungry ghosts
  A hippogriff (D:11)
  Menkaure (D:5)
  Edmund (D:5)
  3 orc warriors
  A soldier ant (D:12)
  A sky beast (D:5)
  7 ogres
  An eye of draining (D:10)
  3 ice beasts
  3 centaurs
  5 phantoms
  6 giant frogs
  2 big kobolds
  A wyvern skeleton (D:8)
  3 scorpions
  A water moccasin skeleton (D:6)
  16 killer bees
  8 wights
  2 goliath beetles
  6 crimson imps
  6 orc priests
  A giant frog zombie (D:12)
  A giant frog skeleton (D:10)
  2 iguanas (D:5)
  8 hounds
  5 jellies
  16 orc wizards
  Jessica (D:2)
  A quasit (D:5)
  5 worker ants
  11 sheep
  2 hound zombies
  2 worker ant zombies
  2 hound skeletons
  Robin (D:4)
  4 adders
  3 shadow imps
  6 worms
  2 adder skeletons
  3 giant geckos
  2 oozes
  51 orcs
  13 bats
  8 giant cockroaches
  16 goblins
  23 hobgoblins
  13 jackals
  5 quokkas
  3 ball pythons
  A giant gecko skeleton (D:4)
  A giant gecko zombie (D:5)
  9 giant newts
  A giant spore (D:8)
  24 kobolds
  A quokka zombie (D:7)
  12 rats
  5 ballistomycetes
  A plant (D:8)
368 creatures vanquished.

Vanquished Creatures (others)
  An orc (D:6)
  A giant spore (D:6)
  A ballistomycete (D:6)
  A plant (D:8)
4 creatures vanquished.

Grand Total: 372 creatures vanquished

Notes
Turn   | Place    | Note
--------------------------------------------------------------
     0 | D:1      | inmateoo, the Demonspawn Hunter, began the quest for the Orb.
     0 | D:1      | Reached XP level 1. HP: 16/16 MP: 1/1
    10 | D:1      | Reached skill level 1 in Stealth
   239 | D:1      | Gained mutation: When hurt, damage is shared between your health and your magic reserves. [demonic ancestry]
   239 | D:1      | Reached XP level 2. HP: 22/22 MP: 2/2
   608 | D:1      | Reached skill level 4 in Crossbows
   714 | D:1      | Reached XP level 3. HP: 27/27 MP: 3/3
  1180 | D:2      | Found a glowing silver altar of Zin.
  1599 | D:2      | Gained mutation: You are partially covered in slimy green scales (AC +2). [demonic ancestry]
  1599 | D:2      | Reached XP level 4. HP: 29/34 MP: 4/4
  1870 | D:3      | Noticed Jessica
  1909 | D:2      | Killed Jessica
  2868 | D:3      | Reached XP level 5. HP: 40/40 MP: 5/5
  3197 | D:4      | Noticed Robin
  3265 | D:4      | Killed Robin
  3265 | D:4      | Reached skill level 5 in Crossbows
  3529 | D:4      | Gained mutation: You are slightly more attuned to the shadows. [demonic ancestry]
  3529 | D:4      | Reached XP level 6. HP: 43/47 MP: 6/6
  4482 | D:5      | Entered Level 5 of the Dungeon
  4814 | D:5      | Gained mutation: You are significantly more attuned to the shadows. [demonic ancestry]
  4814 | D:5      | Reached XP level 7. HP: 32/53 MP: 5/7
  5121 | D:5      | Got a twisted scimitar
  5122 | D:5      | Identified the +8 scimitar of the Heart {slice, rPois} (You found it on level 5 of the Dungeon)
  5177 | D:5      | Reached skill level 1 in Long Blades
  5177 | D:5      | Reached skill level 6 in Crossbows
  5218 | D:5      | Noticed Edmund
  5230 | D:5      | Killed Edmund
  5352 | D:5      | Noticed Menkaure
  5361 | D:5      | Killed Menkaure
  5361 | D:5      | Reached XP level 8. HP: 19/61 MP: 4/8
  5908 | D:5      | Found a staircase to the Ecumenical Temple.
  5959 | Temple   | Entered the Ecumenical Temple
  6149 | Temple   | Became a worshipper of Kikubaaqudgha
  6260 | D:6      | Reached skill level 7 in Crossbows
  6284 | D:6      | Reached skill level 5 in Fighting
  6284 | D:6      | Reached skill level 1 in Spellcasting
  6309 | D:6      | Reached skill level 1 in Necromancy
  6699 | D:6      | Reached XP level 9. HP: 51/68 MP: 7/11
  6745 | D:6      | Found a deep blue altar of Sif Muna.
  6811 | D:6      | Found a white marble altar of Elyvilon.
  6876 | D:6      | Acquired Kikubaaqudgha's first power
  6876 | D:6      | Received a gift from Kikubaaqudgha
  6903 | D:6      | Identified Kikubaaqudgha's Tome of Necromancy (Kikubaaqudgha gifted it to you on level 6 of the Dungeon)
  7092 | D:6      | Found a blossoming altar of Fedhas.
  7231 | D:6      | Learned a level 6 spell: Invisibility
  7368 | D:7      | Reached skill level 1 in Hexes
  7439 | D:7      | Reached skill level 5 in Long Blades
  7479 | D:7      | Found a burning altar of Makhleb.
  7480 | D:7      | Found a sparkling altar of Nemelex Xobeh.
  7729 | D:7      | Found an iron altar of Okawaru.
  7853 | D:7      | Reached skill level 5 in Dodging
  8174 | D:8      | Found a sacrificial altar of Ru.
  8240 | D:8      | Noticed krae's ghost (experienced OpTm)
  8261 | D:8      | Killed krae's ghost
  8306 | D:8      | Found Ofitacar's General Store.
  8336 | D:8      | Reached skill level 8 in Crossbows
  8402 | D:8      | Bought a scroll of identify for 26 gold pieces
  8412 | D:8      | Found a shimmering altar of Xom.
  8530 | D:8      | Reached XP level 10. HP: 58/76 MP: 10/14
  8582 | D:8      | Found a staircase to the Lair.
  8584 | D:8      | Noticed a komodo dragon
  8845 | D:8      | Killed a komodo dragon
  9277 | D:9      | Acquired Kikubaaqudgha's second power
  9336 | D:9      | Found a burning altar of Makhleb.
 10010 | D:10     | Entered Level 10 of the Dungeon
 10175 | D:10     | Found Juurol's Weapon Emporium.
 10601 | D:10     | Noticed a cyclops
 10610 | D:10     | Killed a cyclops
 10610 | D:10     | Reached skill level 5 in Hexes
 10614 | D:10     | HP: 5/115 [something (1)]
 10615 | D:10     | Killed an unseen horror
 10615 | D:10     | Reached skill level 9 in Crossbows
 10748 | D:10     | Upgraded the game from 0.17-a0-483-g810ce3f to 0.17-a0-488-g0a147b9
 11166 | D:10     | Reached XP level 11. HP: 48/83 MP: 9/16
 11262 | D:10     | Noticed a death drake
 11262 | D:10     | a trapdoor spider changed into a death drake
 11271 | D:10     | Killed a death drake
 11271 | D:10     | Received a gift from Kikubaaqudgha
 11279 | D:10     | Identified Kikubaaqudgha's Tome of Necromancy (Kikubaaqudgha gifted it to you on level 10 of the Dungeon)
 11371 | D:10     | Learned a level 5 spell: Dispel Undead
 12386 | D:12     | Noticed an unseen horror
 12399 | D:12     | Killed an unseen horror
 12936 | D:12     | Found Ypri's Gadget Shop.
 13070 | D:12     | Found a staircase to the Orcish Mines.
 13619 | D:12     | Noticed Urug
 13636 | D:12     | Killed Urug
 13636 | D:12     | Acquired Kikubaaqudgha's third power
 14089 | D:13     | Noticed a hill giant
 14101 | D:13     | Demolished by a hill giant

Action                   |  1- 3 |  4- 6 |  7- 9 | 10-12 || total
-------------------------+-------+-------+-------+-------++-------
Melee: Short sword       |    26 |   404 |    39 |       ||   469
       Scimitar          |       |       |   322 |   456 ||   778
 Fire: Hand crossbow     |    93 |    22 |       |     4 ||   119
Evoke: Wand              |       |     4 |       |       ||     4
  Use: Scroll            |     5 |     2 |    10 |     5 ||    22
       Potion            |       |       |       |    10 ||    10
 Stab: Sleeping          |       |     5 |    11 |    18 ||    34
       Distracted        |       |     1 |       |     3 ||     4
  Eat: Chunk             |     1 |    12 |    13 |    17 ||    43
       Royal jelly       |       |       |       |     1 ||     1
